 Seeded DCSS version 0.30-a0-585-g93115170b9 (webtiles) character file.

Game seed: 72702455509857172 (custom seed)

58 purpskrrrp the Ducker (level 4, -1/37 HPs)
             Began as a Merfolk Monk on Jan 1, 2023.
             Slain by Crazy Yiuf
             ... wielding a +3 quarterstaff of chaos
              (13 damage)
             ... on level 2 of the Dungeon.
             The game lasted 00:03:12 (1428 turns).

purpskrrrp the Ducker (Merfolk Monk)                Turns: 1428, Time: 00:03:13

Health: -1/37      AC:  4    Str: 11    XL:     4   Next: 2%
Magic:  4/4        EV: 14    Int:  9    God:
Gold:   145        SH:  0    Dex: 18    Spells: 3/3 levels left

rFire   . . .      SeeInvis .    a - +0 falchion
rCold   . . .      Faith    .    (no shield)
rNeg    . . .      Spirit   .    b - +0 robe
rPois   .          Reflect  .    (no helmet)
rElec   .          Harm     .    e - +0 cloak
rCorr   .          Rampage  .    d - +0 pair of gloves
Will    .....                    (no boots)
Stlth   ++                       (no amulet)
HPRegen 0.26/turn                (no ring)
MPRegen 0.09/turn                (no ring)

@: lethally poisoned (-1 -> -4), flying
A: (nimble swimmer 2), mertail
a: no special abilities


You were on level 2 of the Dungeon.
You visited 1 branch of the dungeon, and saw 2 of its levels.

You collected 145 gold pieces.

Inventory:

Hand Weapons
 a - a +0 falchion (weapon)
Armour
 b - a +0 robe (worn)
 d - a +0 pair of gloves (worn)
 e - a +0 cloak (worn)
Scrolls
 f - a scroll of teleportation {unknown}
 h - 3 scrolls of identify {unknown}
 j - a scroll of enchant weapon {unknown}
 l - a scroll of magic mapping {unknown}
 o - a scroll of enchant armour {unknown}
 p - a scroll of silence {unknown}
 q - a scroll of immolation {unknown}
Potions
 g - a potion of flight
 i - a potion of might {unknown}
 k - 2 potions of brilliance {unknown}
 m - 3 potions of invisibility {unknown}
 n - a potion of heal wounds {unknown}
 r - a potion of resistance {unknown}
 s - a potion of attraction {unknown}
 t - a potion of mutation {unknown}
 u - a potion of curing {unknown}


   Skills:
 + Level 3.7 Fighting
 + Level 4.1 Long Blades
 * Level 5.0 Dodging
 + Level 3.0 Stealth


You had 3 spell levels left.
You didn't know any spells.
Your spell library was empty.

Dungeon Overview and Level Annotations

Branches:
Dungeon (2/15)

Altars:
Cheibriados

Shops:
D:2 =

Annotations:
D:2 Crazy Yiuf


Innate Abilities, Weirdness & Mutations

((You are very nimble when in or above water. (Stealth+, EV+, Speed+++)))
Your lower body shifts to a powerful aquatic tail in water.


Message History

You hit Crazy Yiuf.
Crazy Yiuf is moderately wounded.
Crazy Yiuf barely misses you. Crazy Yiuf completely misses you.
You barely miss Crazy Yiuf.
Crazy Yiuf is moderately wounded.
Crazy Yiuf cries, "Lay bush arga!"
Crazy Yiuf hits you with a +3 quarterstaff of chaos!
You are poisoned.
You barely miss Crazy Yiuf.
Crazy Yiuf is moderately wounded.
You feel very sick. Crazy Yiuf barely misses you.
You hit Crazy Yiuf but do no damage.
Crazy Yiuf is moderately wounded.
You feel very sick.
Crazy Yiuf hits you with a +3 quarterstaff of chaos!
* * * LOW HITPOINT WARNING * * *
You feel your power leaking away.
You are confused.
You feel invigorated.
* * * LOW HITPOINT WARNING * * *
You feel sick. Crazy Yiuf closely misses you.
You bump into the tree.
You feel sick.
Crazy Yiuf cries, "Castle blue turtle!"
Crazy Yiuf completely misses you.
You bump into the tree.
You feel less invigorated.
You feel less confused.
You feel sick.
Crazy Yiuf yells, "Scoff toodlewoodle tired!"
Crazy Yiuf barely misses you.
It was a potion of flight.
You feel very buoyant.
You fly up into the air.
You feel sick.
Crazy Yiuf yells, "Goldfish agre toodlewoodle!"
Crazy Yiuf completely misses you.
You hit Crazy Yiuf.
Crazy Yiuf is heavily wounded.
You feel sick.
Crazy Yiuf hits you with a +3 quarterstaff of chaos!
You die...

###..#
#....###.##
##.# ##.#
#....# #..##
#.## #.#
♣PP.♣♣ ##..#
#..# ##.##
♣♣PP.♣
##.### ##.#
#...# ♣♣.♣♣
#...# #.#
#...# ♣♣.♣
#####.# #>#
#...# ♣.♣♣
#..<#.####.#
##..# ♣♣.♣
###.....##.#
##.# ♣@♣♣
###.#.##..
#.# #g#
#.....>. ###
... ##......
#...#
##.#....
#)..#
#..#÷...
#####
#...#...
#####.#.#...
#.....#.....
###.#.#)....


You could see Crazy Yiuf.

Vanquished Creatures
  An adder (D:2)
  A dart slug (D:2)
  4 bats (D:1)
  3 endoplasms
  3 giant cockroaches (D:1)
  6 goblins
  6 hobgoblins
  3 jackals (D:1)
  2 kobolds
  8 ball pythons
  A frilled lizard (D:1)
  4 rats
42 creatures vanquished.

Vanquished Creatures (others)
  2 fungi (D:2)
2 creatures vanquished.

Grand Total: 44 creatures vanquished

Notes
Turn   | Place    | Note
-------+----------+-------------------------------------------
     0 | D:1      | purpskrrrp the Merfolk Monk began the quest for the Orb.
     0 | D:1      | Reached XP level 1. HP: 18/18 MP: 1/1
    91 | D:1      | Reached XP level 2. HP: 11/24 MP: 2/2
   474 | D:1      | Reached XP level 3. HP: 28/29 MP: 3/3
   868 | D:2      | Reached skill level 5 in Dodging
  1011 | D:2      | Found Hoageitz's Jewellery Emporium.
  1099 | D:2      | Reached XP level 4. HP: 36/37 MP: 4/4
  1270 | D:2      | Found a snail-covered altar of Cheibriados.
  1412 | D:2      | Found a runed translucent door.
  1413 | D:2      | Noticed Crazy Yiuf
  1428 | D:2      | Slain by Crazy Yiuf

Illustrated notes

Levels and vault maps discovered:
D:1:      dpeg_arrival_rooms_with_view, layout_rooms, minmay_worlds_worst_comb
D:2:      layout_rooms, basic_altar, serial_shops, nicolae_shop_window_shopping,
          minmay_tetromino_i2, uniq_crazy_yiuf_cottage

Skill      XL: |  1  2  3 |
---------------+----------+-----
Long Blades    | 4 |  4.1
Dodging        | 5 |  5.0
Stealth        | 3 |  3.0
Fighting       | |  3.7

Action                   |  1- 3 |  4- 6 || total
-------------------------+-------+-------++-------
Melee: Falchion          |   112 |    15 ||   127
       Punch             |     2 |       ||     2
  Use: Potion            |       |     2 ||     2
 Stab: Sleeping          |     6 |       ||     6
Armor: Robe              |    31 |     1 ||    32
Dodge: Dodged            |    95 |    10 ||   105

Table legend: (Time is in decaauts)
 A = Elapsed time spent in this place.
 B = Non-inter-level travel time spent in this place.
 C = Inter-level travel time spent in this place.
 D = Time resting spent in this place.
 E = Time spent auto-exploring this place.
 F = Levels seen in this place.
 G = Mean time per level.
                   A        B        C        D        E       F      G
               +--------+--------+--------+--------+--------+-----+--------+
         Total |   1439 |   1414 |     25 |    170 |    915 |   2 |  719.5 |
       Dungeon |   1439 |   1414 |     25 |    170 |    915 |   2 |  719.5 |
               +--------+--------+--------+--------+--------+-----+--------+

Top non-repeatable levels by time:
     D:1: 847 daAuts
     D:2: 592 daAuts
